 Dungeon Crawl Stone Soup version 0.30-a0-439-g9e77e4d916 (webtiles) character file.

Game seed: 1343562901580107013

655 SUNBITCOIN the Covered (level 7, -2/63 HPs)
             Began as a Formicid Fighter on Dec 11, 2022.
             Succumbed to a killer bee's poison
             ... on level 7 of the Dungeon.
             The game lasted 00:05:16 (3462 turns).

SUNBITCOIN the Covered (Formicid Fighter)           Turns: 3462, Time: 00:05:17

Health: -2/63      AC: 12    Str: 23    XL:     7   Next: 85%
Magic:  0/6        EV:  6    Int: 13    God:
Gold:   233        SH:  5    Dex: 13    Spells: 6/6 levels left

rFire   . . .      SeeInvis +    s - +0 quarterstaff (speed)
rCold   . . .      Faith    .    c - +0 buckler
rNeg    . . .      Spirit   +    p - +0 plate armour
rPois   .          Reflect  .    (helmet unavailable)
rElec   .          Harm     .    (no cloak)
rCorr   .          Rampage  .    (no gloves)
Will    .....                    (no boots)
Stlth   ..........               o - amulet of guardian spirit
HPRegen 0.30/turn                r - ring of wizardry
MPRegen 0.10/turn                t - +6 ring of intelligence

@: lethally poisoned (-2 -> -15)
A: permanent stasis, dig shafts and tunnels, antennae 3, four strong arms,
deterioration 1, low MP 1, robust 1, MP-powered wands
a: Dig, Shaft Self


You were on level 7 of the Dungeon.
You visited 1 branch of the dungeon, and saw 6 of its levels.

You collected 233 gold pieces.

Inventory:

Hand Weapons
 s - a +0 quarterstaff of speed (weapon)
 u - a +0 morningstar
Armour
 c - a +0 buckler (worn)
 p - a +0 plate armour (worn)
Jewellery
 o - an amulet of guardian spirit (around neck)
 r - a ring of wizardry (left hand)
 t - a +6 ring of intelligence (right hand)
 w - an amulet of reflection
Scrolls
 b - 3 scrolls of teleportation {unknown}
 i - a scroll of noise {unknown}
 j - a scroll of poison {unknown}
 l - a scroll of amnesia {unknown}
 m - a scroll of immolation {unknown}
 n - a scroll of magic mapping {unknown}
 q - 2 scrolls of identify {unknown}
 x - 2 scrolls of vulnerability {unknown}
Potions
 a - a potion of heal wounds {unknown}
 d - a potion of might
 e - 2 potions of mutation
 f - 2 potions of curing {unknown}
 g - 3 potions of flight {unknown}
 h - a potion of ambrosia {unknown}
 k - a potion of haste {unknown}
 v - a potion of attraction {unknown}


   Skills:
 * Level 6.0 Fighting
 * Level 4.9 Maces & Flails
 * Level 6.0 Armour
 - Level 4.0 Shields


You had 6 spell levels left.
You didn't know any spells.
Your spell library contained the following spells:

 Spells                   Type           Power      Damage    Failure   Level
 Necrotise                Necr           0%         1d4       91%         1
 Cigotuvi's Dreadful Rot  Necr/Pois/Air  0%         N/A       97%         2
 Momentum Strike          Conj/Tloc      0%         3d8       97%         2
 Static Discharge         Conj/Air       0%         2-2/arc   97%         2
 Lesser Beckoning         Tloc           0%         N/A       99%         3
 Vampiric Draining        Necr           0%         2d6       99%         3
 Vhi's Electric Charge    Tloc/Air       0%         N/A       99%         3
 Dispel Undead            Necr           0%         3d6       100%        4
 Agony                    Necr           0%         N/A       100%        5
 Arcjolt                  Conj/Air       0%         1d10      100%        5
 Lightning Bolt           Conj/Air       0%         1d11      100%        5
 Death Channel            Necr           0%         N/A       100%        6
 Blink                    Tloc           Unusable   N/A       N/A         2

Dungeon Overview and Level Annotations

Branches:
Dungeon (7/15)
 Temple: D:4-7

Altars:
Ru
Zin
The Shining One

Annotations:
D:6 Maggie


Innate Abilities, Weirdness & Mutations

You cannot be hasted, slowed, berserked, paralysed or teleported.
You can dig through walls and to a lower floor.
You have a pair of large antennae on your head. (SInv)
Your four strong arms can wield two-handed weapons with a shield.
Your body sometimes deteriorates upon taking damage.
Your magical capacity is low. (-10% MP)
You are robust. (+10% HP)
You expend magic power (3 MP) to strengthen your wands.


Message History

You barely miss the killer bee.
The killer bee is lightly wounded.
The killer bee closely misses you.
Okay, then.
You hit the killer bee.
The killer bee is lightly wounded.
You feel sick.
You are no longer poisoned.
You block the killer bee's attack. The killer bee barely misses you.
You hit the killer bee but do no damage.
The killer bee is lightly wounded.
The killer bee stings you.
* * * LOW HITPOINT WARNING * * *
The killer bee stings you but does no damage.
You thump the killer bee!
The killer bee is almost dead.
The killer bee barely misses you.
You closely miss the killer bee.
The killer bee is almost dead.
You block the killer bee's attack. The killer bee stings you.
* * * LOW HITPOINT WARNING * * *
You miss the killer bee.
The killer bee is almost dead.
The killer bee stings you.
* * * LOW HITPOINT WARNING * * *
You are lethally poisoned!
The killer bee poisons you!
You completely miss the killer bee.
The killer bee is almost dead.
* * * LOW HITPOINT WARNING * * *
You feel sick. The killer bee stings you.
* * * LOW HITPOINT WARNING * * *
The killer bee stings you.
* * * LOW HITPOINT WARNING * * *
You are more poisoned.
The killer bee poisons you!
It was a potion of mutation.
You feel extremely strange.
You feel your magical essence link to the dungeon's wands.
You feel less energetic.
You feel yourself wasting away.
You feel robust.
You die...

.# #.# .# .#
### #.# .##.#
#.. #.###
###.#
#.#####...#
..#.#
#.#.....#.#
#.#.#
#.#.###.#.#
..#.# #.#.#
#.#.# ..#.####
#.#.# #.#.#
.......###.#.#
#@#..
.........#.#.#
#y###
...........#.#
#y...#
..........##.#
#.#.##
...........#.#
#.#...
.♣♣._.♣..#...#
#.. ...
##.♣♣♣♣###.###
### #.## ##
#...# .. #####
#.


You could see 2 killer bees.

Vanquished Creatures
  A water moccasin (D:7)
  An ice beast (D:7)
  A centaur (D:7)
  A scorpion (D:7)
  3 wights (D:7)
  A killer bee (D:7)
  A hound (D:7)
  2 gnolls (D:4)
  A white imp (D:7)
  A worm (D:2)
  A dart slug (D:3)
  An orc (D:3)
  4 ball pythons
  6 endoplasms
  2 giant cockroaches
  6 goblins
  2 hobgoblins
  5 jackals
  5 quokkas
  7 bats
  2 frilled lizards
  5 kobolds
  4 rats
  A bush (D:4)
64 creatures vanquished.

Notes
Turn   | Place    | Note
-------+----------+-------------------------------------------
     0 | D:1      | SUNBITCOIN the Formicid Fighter began the quest for the
                  | Orb.
     0 | D:1      | Reached XP level 1. HP: 18/18 MP: 1/1
   122 | D:1      | Reached XP level 2. HP: 24/24 MP: 2/2
   517 | D:1      | Reached XP level 3. HP: 30/30 MP: 3/3
   939 | D:2      | Found a faded altar of an unknown god.
  1618 | D:3      | Reached XP level 4. HP: 37/37 MP: 4/4
  1829 | D:3      | Found a glowing golden altar of the Shining One.
  2333 | D:4      | Found a sacrificial altar of Ru.
  2345 | D:4      | Noticed a black bear
  2368 | D:4      | You fall into a shaft and drop 3 floors!
  2528 | D:7      | Noticed a centaur
  2545 | D:7      | Killed a centaur
  2546 | D:7      | Reached XP level 5. HP: 11/43 MP: 1/5
  2678 | D:6      | Noticed Maggie
  2678 | D:6      | Noticed an ice beast
  2737 | D:7      | Noticed an ice beast
  2755 | D:7      | Killed an ice beast
  2756 | D:7      | Reached skill level 5 in Fighting
  2756 | D:7      | Reached skill level 5 in Armour
  2756 | D:7      | Reached XP level 6. HP: 51/51 MP: 6/6
  2796 | D:7      | Reached XP level 7. HP: 42/56 MP: 3/7
  3109 | D:7      | Noticed a water moccasin
  3119 | D:7      | Killed a water moccasin
  3364 | D:7      | Found a glowing silver altar of Zin.
  3461 | D:7      | HP: 1/58 [killer bee (3)]
  3462 | D:7      | Gained mutation: You expend magic power (3 MP) to
                  | strengthen your wands. [potion of mutation]
  3462 | D:7      | Gained mutation: Your magical capacity is low. (-10% MP)
                  | [potion of mutation]
  3462 | D:7      | Gained mutation: Your body sometimes deteriorates upon
                  | taking damage. [potion of mutation]
  3462 | D:7      | Gained mutation: You are robust. (+10% HP) [potion of
                  | mutation]
  3462 | D:7      | Succumbed to a killer bee's poison

Illustrated notes

Levels and vault maps discovered:
D:1:      eino_arrival_cavern_b, layout_basic
D:2:      layout_basic, dreamdust_ecumenical_altar_statues
D:3:      layout_loops_ring, mainiacjoe_overflow_24_doors
D:4:      kennysheep_spiral_hall, layout_loops_cross,
          nicolae_elyvilon_temple_path, mainiacjoe_overflow_catch_the_wave
D:6:      layout_layer_cave, fedhas_altar_1, minmay_temple_entry_trees,
          uniq_maggie
D:7:      minmay_polygon_palace, layout_basic, zin_academy

Skill      XL: |  1  2  3  4  5  6  7 |
---------------+----------------------+-----
Fighting       | 4 5 6 |  6.0
Armour         | 4 5 6 |  6.0
Maces & Flails | 3 4 |  4.9
Shields        | |  4.0

Action                   |  1- 3 |  4- 6 |  7- 9 || total
-------------------------+-------+-------+-------++-------
Melee: Flail             |    98 |    36 |       ||   134
       Quarterstaff      |       |    86 |    69 ||   155
 Abil: Dig               |       |     2 |       ||     2
       Shaft Self        |       |     1 |       ||     1
  Use: Potion            |       |       |     1 ||     1
Armor: Scale mail        |    25 |       |       ||    25
       Plate armour      |    18 |    39 |    34 ||    91
       Chain mail        |    13 |       |       ||    13
Dodge: Dodged            |    46 |    23 |    15 ||    84
Block: Buckler           |    18 |    11 |    17 ||    46

Table legend: (Time is in decaauts)
 A = Elapsed time spent in this place.
 B = Non-inter-level travel time spent in this place.
 C = Inter-level travel time spent in this place.
 D = Time resting spent in this place.
 E = Time spent auto-exploring this place.
 F = Levels seen in this place.
 G = Mean time per level.
                   A        B        C        D        E       F      G
               +--------+--------+--------+--------+--------+-----+--------+
         Total |   3476 |   3314 |    162 |    282 |   2288 |   6 |  579.3 |
       Dungeon |   3476 |   3314 |    162 |    282 |   2288 |   6 |  579.3 |
               +--------+--------+--------+--------+--------+-----+--------+

Top non-repeatable levels by time:
     D:7: 1074 daAuts
     D:1: 934 daAuts
     D:3: 795 daAuts
     D:2: 559 daAuts
     D:4: 110 daAuts
     D:6: 1 daAuts
